TOP OF THE 1ST |
Grand Junction Rockies batting - Pitching for Helena Brewers : RHP Adam Robinson
|
Pitching: RHP Adam Robinson
|
|
Batting: RHB Juan Figueroa
|
0-0: Ball 1-0: Ball 2-0: Foul Ball, location: 2F 2-1: DOUBLE (Flyball, 89D, EV 111.9 MPH)
|
Batting: LHB Luke Coulter
|
0-0: Ball 1-0: Ball 2-0: Ball Balk! Juan Figueroa to third 3-0: Base on Balls
|
Batting: LHB Michael Krott
|
0-0: Ball 1-0: Ball 2-0: Called Strike 2-1: Ball 3-1: Base on Balls Luke Coulter to second
|
Batting: LHB Jason Ryan
|
0-0: Ball 1-0: Foul Ball, location: 2F 1-1: SINGLE (Groundball, 4D, EV 105.6 MPH) Juan Figueroa scores Luke Coulter to third Michael Krott to second
|
Batting: RHB Ray Insley
|
0-0: Ball 1-0: Ball 2-0: Ball 3-0: Base on Balls Luke Coulter scores Michael Krott to third Jason Ryan to second
|
Batting: RHB John Stevenson
|
0-0: Fly out, F9 (Flyball, 89M, EV 88.1 MPH)
|
Batting: SHB Jamie Mims
|
0-0: Foul Ball, location: 2F 0-1: Ball 1-1: Ball 2-1: Ball 3-1: Foul Ball, location: 2F 3-2: Foul Ball, location: 2F 3-2: Foul Ball, location: 2F 3-2: Base on Balls Michael Krott scores Jason Ryan to third Ray Insley to second
|
Batting: RHB Willie Benito
|
0-0: Ball 1-0: Fly out, F9 (Flyball, 9D, EV 88.8 MPH) Runner from 3rd tags up, SCORES, no throw by RF
|
Batting: RHB Randy Breitbart
|
0-0: Ball Ray Insley steals 3rd base Jamie Mims to second 1-0: Ball 2-0: SINGLE (Flyball, 4D, EV 88.8 MPH) Ray Insley scores Jamie Mims to third
|
Batting: RHB Juan Figueroa
|
0-0: Foul Ball, location: 2F 0-1: Foul Ball, location: 2F 0-2: Ground out 4-3 (Groundball, 34, EV 108.1 MPH)
|
Top of the 1st over - 5 runs, 3 hits, 0 errors, 2 left on base; Grand Junction 5 - Helena 0 |
BOTTOM OF THE 1ST |
Helena Brewers batting - Pitching for Grand Junction Rockies : RHP Dave Shanks
|
Pitching: RHP Dave Shanks
|
|
Batting: RHB Victor Alarcon
|
0-0: Ball 1-0: Ball 2-0: Foul Ball, location: 2F 2-1: Ball 3-1: Base on Balls
|
Batting: SHB Jerry Duffy
|
0-0: Called Strike Victor Alarcon steals 2nd base (no throw) 0-1: Ball 1-1: Ball 2-1: Ball 3-1: Base on Balls
|
Batting: LHB Karel Hort
|
0-0: Ball 1-0: Called Strike 1-1: Ball 2-1: Ball 3-1: Foul Ball, location: 2F 3-2: Base on Balls Victor Alarcon to third Jerry Duffy to second
|
Batting: LHB Mark Backstrom
|
0-0: Ball 1-0: Ball 2-0: Ball 3-0: Base on Balls Victor Alarcon scores Jerry Duffy to third Karel Hort to second
|
Batting: LHB Greg Reedy
|
0-0: Ball 1-0: Called Strike 1-1: Ball 2-1: Ball 3-1: Base on Balls Jerry Duffy scores Karel Hort to third Mark Backstrom to second
|
Batting: RHB Jose Cerritos
|
0-0: Foul Ball, location: 2F 0-1: Foul Ball, location: 2F 0-2: Strikes out swinging
|
Batting: RHB Dan Allred
|
0-0: Ball 1-0: Swinging Strike 1-1: Swinging Strike 1-2: Ball Wild Pitch! Karel Hort scores Mark Backstrom to third Greg Reedy to second 2-2: Strikes out swinging
|
Batting: RHB Justin Marino
|
0-0: Called Strike 0-1: Ball 1-1: Ball 2-1: Ball 3-1: Foul Ball, location: 2F 3-2: Foul Ball, location: 2F 3-2: Base on Balls
|
Batting: RHB Jesus Menjivar
|
0-0: Ball 1-0: Ball 2-0: Foul Ball, location: 2F 2-1: Ball 3-1: Called Strike 3-2: Strikes out looking
|
Bottom of the 1st over - 3 runs, 0 hits, 0 errors, 3 left on base; Grand Junction 5 - Helena 3 |
TOP OF THE 2ND |
Grand Junction Rockies batting - Pitching for Helena Brewers : RHP Adam Robinson
|
Batting: LHB Luke Coulter
|
0-0: Called Strike 0-1: Called Strike 0-2: Ball 1-2: Foul Ball, location: 2F 1-2: Foul Ball, location: 2F 1-2: SOLO HOME RUN (Flyball, 9LD, EV 96.9 MPH), Distance : 349 ft
|
Batting: LHB Michael Krott
|
0-0: Ball 1-0: Ball 2-0: Ball 3-0: Foul Ball, location: 2F 3-1: Ground out U3 (Groundball, 13, EV 92.5 MPH)
|
Batting: LHB Jason Ryan
|
0-0: Called Strike 0-1: Ball 1-1: Ball 2-1: SOLO HOME RUN (Flyball, 9D, EV 96.9 MPH), Distance : 362 ft
|
Batting: RHB Ray Insley
|
0-0: Ball 1-0: Ball 2-0: Called Strike 2-1: Fly out, F7 (Flyball, 7D, EV 95.0 MPH)
|
Pitching: LHP Tony Salazar
|
|
Batting: RHB John Stevenson
|
0-0: Ball 1-0: Ball 2-0: Foul Ball, location: 2F 2-1: Ball 3-1: Swinging Strike 3-2: SINGLE (Groundball, 6M, EV 98.8 MPH) (infield hit)
|
Batting: SHB Jamie Mims
|
0-0: SINGLE (Line Drive, 7LS, EV 91.9 MPH) John Stevenson to second
|
Batting: RHB Willie Benito
|
0-0: Ball Jamie Mims is caught stealing 2nd base 2-4 John Stevenson advances to 3rd base
|
Top of the 2nd over - 2 runs, 4 hits, 0 errors, 1 left on base; Grand Junction 7 - Helena 3 |
BOTTOM OF THE 2ND |
Helena Brewers batting - Pitching for Grand Junction Rockies : RHP Dave Shanks
|
Batting: RHB Victor Alarcon
|
0-0: SOLO HOME RUN (Flyball, 9D, EV 98.1 MPH), Distance : 376 ft
|
Batting: SHB Jerry Duffy
|
0-0: Called Strike 0-1: Foul Ball, location: 2F 0-2: SINGLE (Line Drive, 5D, EV 111.2 MPH)
|
Batting: LHB Karel Hort
|
0-0: Ball Jerry Duffy is caught stealing 2nd base 2-6 1-0: Ball 2-0: Foul Ball, location: 2F 2-1: Called Strike 2-2: Foul Ball, location: 2F 2-2: Ball 3-2: Foul Ball, location: 2F 3-2: Base on Balls
|
Batting: LHB Mark Backstrom
|
0-0: Called Strike 0-1: Grounds into double play, 4-6-3 (Groundball, 34S, EV 92.5 MPH)
|
Bottom of the 2nd over - 1 run, 2 hits, 0 errors, 0 left on base; Grand Junction 7 - Helena 4 |
TOP OF THE 3RD |
Grand Junction Rockies batting - Pitching for Helena Brewers : LHP Tony Salazar
|
Batting: RHB Willie Benito
|
0-0: Ball 1-0: Ball 2-0: Ball 3-0: Called Strike 3-1: Base on Balls
|
Batting: RHB Randy Breitbart
|
0-0: Fielders Choice at 2nd, 6-4 (Groundball, 6, EV 87.5 MPH)
|
Batting: RHB Juan Figueroa
|
0-0: Swinging Strike 0-1: Foul Ball, location: 2F 0-2: Strikes out swinging
|
Batting: LHB Luke Coulter
|
0-0: Called Strike 0-1: Ball 1-1: Ball 2-1: Fielders Choice at 2nd, 6-4 (Groundball, 6, EV 92.5 MPH)
|
Top of the 3rd over - 0 runs, 0 hits, 0 errors, 1 left on base; Grand Junction 7 - Helena 4 |
BOTTOM OF THE 3RD |
Helena Brewers batting - Pitching for Grand Junction Rockies : RHP Dave Shanks
|
Batting: LHB Greg Reedy
|
0-0: Called Strike 0-1: Foul Ball, location: 2F 0-2: Ball 1-2: Ball 2-2: Foul Ball, location: 2F 2-2: SOLO HOME RUN (Flyball, 89XD, EV 110.0 MPH), Distance : 421 ft
|
Pitching: RHP Lorenzo Pacheco
|
|
Batting: RHB Jose Cerritos
|
0-0: Ball 1-0: Ball 2-0: Fly out, F5 (Flyball, 5D, EV 83.8 MPH)
|
Batting: RHB Dan Allred
|
0-0: Ball 1-0: Called Strike 1-1: Foul Ball, location: 2F 1-2: Strikes out swinging
|
Batting: RHB Justin Marino
|
0-0: Ball 1-0: Ground out 5-3 (Groundball, 56S, EV 90.0 MPH)
|
Bottom of the 3rd over - 1 run, 1 hit, 0 errors, 0 left on base; Grand Junction 7 - Helena 5 |
TOP OF THE 4TH |
Grand Junction Rockies batting - Pitching for Helena Brewers : LHP Tony Salazar
|
Pitching: RHP Josh Brakefield
|
|
Batting: LHB Michael Krott
|
0-0: Foul Ball, location: 2F 0-1: Ball 1-1: SINGLE (Flyball, 9S, EV 90.6 MPH)
|
Batting: LHB Jason Ryan
|
0-0: Called Strike 0-1: Foul Ball, location: 2F 0-2: Foul Ball, location: 2F 0-2: Ball 1-2: SINGLE (Groundball, 4D, EV 106.2 MPH) Michael Krott to second Runner from 2nd tries for 3rd, SAFE, throw by CF made to third
|
Batting: RHB Ray Insley
|
0-0: SINGLE (Line Drive, 4M, EV 98.8 MPH) Michael Krott scores Jason Ryan to second
|
Batting: RHB John Stevenson
|
0-0: Ball 1-0: Called Strike 1-1: Called Strike 1-2: Fielders Choice at 2nd, 6-4 (Groundball, 6, EV 90.6 MPH) Jason Ryan to third
|
Batting: SHB Jamie Mims
|
0-0: Ball 1-0: Swinging Strike Pickoff Throw to First - Out! 1-3 1-1: Ball 2-1: SINGLE (Groundball, 34S, EV 65.0 MPH) (infield hit) Jason Ryan scores
|
Batting: RHB Willie Benito
|
0-0: Ball Jamie Mims steals 2nd base 1-0: Ball 2-0: Foul Ball, location: 2F 2-1: Foul Ball, location: 2F 2-2: Ball 3-2: Foul Ball, location: 2F 3-2: Base on Balls
|
Pitching: LHP Jon Ortiz
|
|
Batting: RHB Randy Breitbart
|
0-0: Ball 1-0: Called Strike 1-1: Ball 2-1: Foul Ball, location: 2F 2-2: Fly out, F8 (Flyball, 89D, EV 101.9 MPH)
|
Top of the 4th over - 2 runs, 4 hits, 0 errors, 2 left on base; Grand Junction 9 - Helena 5 |
BOTTOM OF THE 4TH |
Helena Brewers batting - Pitching for Grand Junction Rockies : RHP Lorenzo Pacheco
|
Batting: RHB Jesus Menjivar
|
0-0: Ball 1-0: Called Strike 1-1: Foul Ball, location: 2F 1-2: Strikes out looking
|
Batting: RHB Victor Alarcon
|
0-0: Ground out 5-3 (Groundball, 5L, EV 85.6 MPH)
|
Batting: SHB Jerry Duffy
|
0-0: Ball 1-0: Foul Ball, location: 2F 1-1: Ball 2-1: Fly out, F9 (Flyball, 89S, EV 95.0 MPH)
|
Bottom of the 4th over - 0 runs, 0 hits, 0 errors, 0 left on base; Grand Junction 9 - Helena 5 |
TOP OF THE 5TH |
Grand Junction Rockies batting - Pitching for Helena Brewers : LHP Jon Ortiz
|
Batting: RHB Juan Figueroa
|
0-0: Ball 1-0: Ball 2-0: Ball 3-0: Called Strike 3-1: Base on Balls
|
Batting: LHB Luke Coulter
|
0-0: Called Strike 0-1: Called Strike 0-2: Ball Juan Figueroa steals 2nd base 1-2: Ball 2-2: Ball 3-2: Ground out 4-3 (Groundball, 4, EV 82.5 MPH) Juan Figueroa to third
|
Batting: LHB Michael Krott
|
0-0: Swinging Strike 0-1: Swinging Strike 0-2: Ball 1-2: Strikes out looking
|
Pitching: LHP Sam Glaser
|
|
Batting: LHB Jason Ryan
|
0-0: Foul Ball, location: 2F 0-1: Called Strike 0-2: Ball 1-2: Ground out 4-3 (Groundball, 4, EV 101.2 MPH)
|
Top of the 5th over - 0 runs, 0 hits, 0 errors, 1 left on base; Grand Junction 9 - Helena 5 |
BOTTOM OF THE 5TH |
Helena Brewers batting - Pitching for Grand Junction Rockies : RHP Lorenzo Pacheco
|
Batting: LHB Karel Hort
|
0-0: Called Strike 0-1: Ball 1-1: Foul Ball, location: 2F 1-2: Foul Ball, location: 2F 1-2: Foul Ball, location: 2F 1-2: DOUBLE (Groundball, 3L, EV 106.9 MPH)
|
Batting: LHB Mark Backstrom
|
0-0: Called Strike 0-1: Ball 1-1: Ground out 6-3 (Groundball, 4M, EV 106.9 MPH) Karel Hort to third
|
Batting: LHB Greg Reedy
|
0-0: Ball 1-0: Ball 2-0: Called Strike 2-1: Ball 3-1: Foul Ball, location: 2F 3-2: Strikes out swinging
|
Pitching: RHP Josh Blaschke
|
|
Batting: RHB Jose Cerritos
|
0-0: Ground out 6-3 (Groundball, 6, EV 82.5 MPH)
|
Bottom of the 5th over - 0 runs, 1 hit, 0 errors, 1 left on base; Grand Junction 9 - Helena 5 |
TOP OF THE 6TH |
Grand Junction Rockies batting - Pitching for Helena Brewers : LHP Sam Glaser
|
Batting: RHB Ray Insley
|
0-0: Ball 1-0: Foul Ball, location: 2F 1-1: Foul Ball, location: 2F 1-2: Ball 2-2: SOLO HOME RUN (Flyball, 89XD, EV 106.2 MPH), Distance : 421 ft
|
Batting: RHB John Stevenson
|
0-0: Ball 1-0: Called Strike 1-1: Ball 2-1: Ball 3-1: Foul Ball, location: 2F 3-2: Base on Balls
|
Batting: SHB Jamie Mims
|
0-0: Ball 1-0: Ball 2-0: Ball Wild Pitch! John Stevenson to second 3-0: Base on Balls
|
Batting: RHB Willie Benito
|
0-0: Called Strike 0-1: Ball 1-1: Ball Wild Pitch! John Stevenson to third Jamie Mims to second 2-1: SINGLE (Groundball, 6, EV 103.1 MPH) John Stevenson scores Jamie Mims to third Runner from 3rd tries for Home, SAFE, throw by CF to home
|
Batting: RHB Randy Breitbart
|
0-0: Ball Willie Benito steals 2nd base 1-0: Ground out 6-3 (Groundball, 6, EV 80.0 MPH)
|
Batting: RHB Juan Figueroa
|
0-0: Called Strike 0-1: 2-RUN HOME RUN (Flyball, 7D, EV 106.9 MPH), Distance : 388 ft
|
Batting: LHB Luke Coulter
|
0-0: Called Strike 0-1: SINGLE (Groundball, 4MS, EV 70.0 MPH) (infield hit)
|
Batting: LHB Michael Krott
|
0-0: Called Strike 0-1: Ball 1-1: Swinging Strike 1-2: Ball 2-2: SINGLE (Groundball, 34S, EV 63.8 MPH) (infield hit) Luke Coulter to second
|
Batting: LHB Jason Ryan
|
0-0: Foul Ball, location: 2F 0-1: Called Strike 0-2: Strikes out swinging
|
Batting: RHB Ray Insley
|
0-0: Ball 1-0: Ball 2-0: Fly out, F8 (Flyball, 8RD, EV 105.6 MPH)
|
Top of the 6th over - 5 runs, 5 hits, 0 errors, 2 left on base; Grand Junction 14 - Helena 5 |
BOTTOM OF THE 6TH |
Helena Brewers batting - Pitching for Grand Junction Rockies : RHP Josh Blaschke
|
Batting: RHB Dan Allred
|
0-0: Ball 1-0: Ball 2-0: Foul Ball, location: 2F 2-1: Ball 3-1: Foul Ball, location: 2F 3-2: Base on Balls
|
Batting: RHB Justin Marino
|
0-0: Ball 1-0: Ball 2-0: Ball Dan Allred steals 2nd, throwing error, E2 Dan Allred to third 3-0: Called Strike 3-1: Base on Balls
|
Batting: RHB Jesus Menjivar
|
0-0: Ball 1-0: Swinging Strike 1-1: Swinging Strike 1-2: SINGLE (Groundball, 5S, EV 76.2 MPH) (infield hit) Dan Allred scores Justin Marino to second
|
Batting: RHB Victor Alarcon
|
0-0: Ball 1-0: Ball 2-0: Ball Wild Pitch! Justin Marino to third Jesus Menjivar to second 3-0: Base on Balls
|
Batting: SHB Jerry Duffy
|
0-0: Called Strike 0-1: Fielders Choice at 2nd, 3-6 (Groundball, 34S, EV 89.4 MPH) Justin Marino scores Jesus Menjivar to third
|
Pitching: RHP Gorgonio Sigua
|
|
Batting: LHB Karel Hort
|
0-0: Ball 1-0: Fly out, F7 (Flyball, 7S, EV 88.1 MPH)
|
Batting: LHB Mark Backstrom
|
0-0: Ball 1-0: Called Strike 1-1: Ground out 4-3 (Groundball, 4, EV 87.5 MPH)
|
Bottom of the 6th over - 2 runs, 1 hit, 1 error, 2 left on base; Grand Junction 14 - Helena 7 |
TOP OF THE 7TH |
Grand Junction Rockies batting - Pitching for Helena Brewers : LHP Sam Glaser
|
Batting: RHB John Stevenson
|
0-0: Ball 1-0: Ball 2-0: Ball 3-0: Called Strike 3-1: Base on Balls
|
Pinch Hitting: RHB Andy Rayer
|
0-0: Called Strike 0-1: Ball 1-1: Swinging Strike 1-2: Ball 2-2: Ball 3-2: 2-RUN HOME RUN (Line Drive, 9D, EV 100.6 MPH), Distance : 389 ft
|
Batting: RHB Willie Benito
|
0-0: SOLO HOME RUN (Flyball, 8LXD, EV 111.9 MPH), Distance : 428 ft
|
Pitching: LHP Gil Sanchez
|
|
Batting: RHB Randy Breitbart
|
0-0: Ball 1-0: Fly out, F4 (Popup, 4S, EV 73.1 MPH)
|
Batting: RHB Juan Figueroa
|
0-0: Ball 1-0: Ball 2-0: Reached on error, E6 (Groundball, 6, EV 101.2 MPH)
|
Batting: LHB Luke Coulter
|
0-0: Called Strike 0-1: Ball 1-1: Ball 2-1: Ball 3-1: Swinging Strike 3-2: SINGLE (Line Drive, 8LS, EV 105.6 MPH) Juan Figueroa to second Juan Figueroa to third
|
Batting: LHB Michael Krott
|
0-0: Called Strike 0-1: Swinging Strike 0-2: Ball 1-2: Fly out, F8 (Flyball, 8RS, EV 93.8 MPH)
|
Batting: LHB Jason Ryan
|
0-0: Called Strike 0-1: Called Strike 0-2: Foul Ball, location: 2F 0-2: Ball 1-2: Ball 2-2: Fielders Choice at 2nd, 5-4 (Groundball, 56, EV 80.0 MPH)
|
Top of the 7th over - 3 runs, 3 hits, 1 error, 2 left on base; Grand Junction 17 - Helena 7 |
BOTTOM OF THE 7TH |
Helena Brewers batting - Pitching for Grand Junction Rockies : RHP Gorgonio Sigua
|
Now at 2B: Andy Rayer
|
|
Batting: LHB Greg Reedy
|
0-0: Foul Ball, location: 2F 0-1: Foul Ball, location: 2F 0-2: Foul Ball, location: 2F 0-2: SOLO HOME RUN (Flyball, 9LD, EV 89.4 MPH), Distance : 340 ft
|
Batting: RHB Jose Cerritos
|
0-0: Called Strike 0-1: SINGLE (Groundball, 34D, EV 98.1 MPH)
|
Batting: RHB Dan Allred
|
0-0: Ball 1-0: Ball 2-0: Called Strike 2-1: Foul Ball, location: 2F 2-2: Ball 3-2: Grounds into double play, 5-4-3 (Groundball, 5, EV 88.1 MPH)
|
Pinch Hitting: LHB Danny Bautista
|
0-0: SOLO HOME RUN (Flyball, 7LD, EV 93.8 MPH), Distance : 344 ft
|
Batting: RHB Jesus Menjivar
|
0-0: Called Strike 0-1: Ball 1-1: Foul Ball, location: 2F 1-2: Foul Ball, location: 2F 1-2: Foul Ball, location: 2F 1-2: Foul Ball, location: 2F 1-2: Fly out, F9 (Flyball, 9S, EV 80.6 MPH)
|
Bottom of the 7th over - 2 runs, 3 hits, 0 errors, 0 left on base; Grand Junction 17 - Helena 9 |
TOP OF THE 8TH |
Grand Junction Rockies batting - Pitching for Helena Brewers : LHP Gil Sanchez
|
Now at 3B: Orlando Torres
|
|
Now at SS: Dan Allred
|
|
Batting: RHB Ray Insley
|
0-0: Foul Ball, location: 2F 0-1: Ball 1-1: Ball 2-1: Ground out 6-3 (Groundball, 6, EV 101.2 MPH)
|
Batting: RHB John Stevenson
|
0-0: Foul Ball, location: 2F 0-1: SOLO HOME RUN (Flyball, 7D, EV 96.9 MPH), Distance : 368 ft
|
Batting: RHB Andy Rayer
|
0-0: Ball 1-0: Fly out, F4 (Line Drive, 4M, EV 73.8 MPH)
|
Batting: RHB Willie Benito
|
0-0: Ball 1-0: Called Strike 1-1: Ball 2-1: SOLO HOME RUN (Flyball, 7D, EV 96.9 MPH), Distance : 368 ft
|
Batting: RHB Randy Breitbart
|
0-0: Ball 1-0: Called Strike 1-1: Ball 2-1: Swinging Strike 2-2: Foul Ball, location: 2F 2-2: Ball 3-2: Foul Ball, location: 2F 3-2: Base on Balls
|
Batting: RHB Juan Figueroa
|
0-0: Ball 1-0: Foul Ball, location: 2F 1-1: Called Strike 1-2: Ball 2-2: SINGLE (Groundball, 34D, EV 97.5 MPH) Randy Breitbart to second Runner from 2nd tries for 3rd, SAFE, throw by RF made to third
|
Batting: LHB Luke Coulter
|
0-0: Called Strike 0-1: Called Strike 0-2: Ball 1-2: Ball 2-2: Ground out 4-3 (Groundball, 34, EV 99.4 MPH)
|
Top of the 8th over - 2 runs, 3 hits, 0 errors, 2 left on base; Grand Junction 19 - Helena 9 |
BOTTOM OF THE 8TH |
Helena Brewers batting - Pitching for Grand Junction Rockies : RHP Gorgonio Sigua
|
Pitching: RHP Zi-cheng Zhou
|
|
Batting: RHB Victor Alarcon
|
0-0: Ball 1-0: Ball 2-0: Called Strike 2-1: Ball 3-1: Base on Balls
|
Batting: SHB Jerry Duffy
|
0-0: Swinging Strike 0-1: Ball 1-1: Foul Ball, location: 2F 1-2: Ball 2-2: Ball 3-2: Strikes out looking Victor Alarcon steals 2nd base (no throw) Batter strikes out.
|
Batting: LHB Karel Hort
|
0-0: Called Strike 0-1: Ball 1-1: Ground out U3 (Groundball, 3L, EV 88.8 MPH) Victor Alarcon to third
|
Batting: LHB Mark Backstrom
|
0-0: Ground out 5-3 (Groundball, 5, EV 100.0 MPH)
|
Bottom of the 8th over - 0 runs, 0 hits, 0 errors, 1 left on base; Grand Junction 19 - Helena 9 |
TOP OF THE 9TH |
Grand Junction Rockies batting - Pitching for Helena Brewers : LHP Gil Sanchez
|
Pitching: RHP Michael Dickerson
|
|
Batting: LHB Michael Krott
|
0-0: Ball 1-0: Called Strike 1-1: Swinging Strike 1-2: Foul Ball, location: 2F 1-2: Ball 2-2: Foul Ball, location: 2F 2-2: Ground out U3 (Groundball, 3S, EV 89.4 MPH)
|
Batting: LHB Jason Ryan
|
0-0: Foul Ball, location: 2F 0-1: Ball 1-1: DOUBLE (Line Drive, 78D, EV 105.0 MPH)
|
Batting: RHB Ray Insley
|
0-0: Called Strike 0-1: Called Strike 0-2: SINGLE (Groundball, 6M, EV 97.5 MPH) (infield hit) Jason Ryan to third
|
Batting: RHB John Stevenson
|
0-0: Ball 1-0: Ball Wild Pitch! Jason Ryan scores Ray Insley to second 2-0: Called Strike 2-1: Ball Wild Pitch! Ray Insley to third 3-1: Base on Balls
|
Batting: RHB Andy Rayer
|
0-0: Called Strike 0-1: Ball 1-1: Ball Wild Pitch! Ray Insley scores John Stevenson to second 2-1: Swinging Strike 2-2: Ball 3-2: Fly out, F8 (Flyball, 8LS, EV 86.2 MPH)
|
Batting: RHB Willie Benito
|
0-0: Foul Ball, location: 2F 0-1: Ball 1-1: Fly out, F6 (Line Drive, 56D, EV 72.5 MPH)
|
Top of the 9th over - 2 runs, 2 hits, 0 errors, 1 left on base; Grand Junction 21 - Helena 9 |
BOTTOM OF THE 9TH |
Helena Brewers batting - Pitching for Grand Junction Rockies : RHP Zi-cheng Zhou
|
Batting: LHB Greg Reedy
|
0-0: Foul Ball, location: 2F 0-1: Foul Ball, location: 2F 0-2: Foul Ball, location: 2F 0-2: Ball 1-2: Foul Ball, location: 2F 1-2: Strikes out swinging
|
Pitching: RHP Bobby Servin
|
|
Batting: RHB Jose Cerritos
|
0-0: Ball 1-0: Called Strike 1-1: Foul Ball, location: 2F 1-2: Foul Ball, location: 2F 1-2: Ball 2-2: Strikes out swinging
|
Batting: RHB Dan Allred
|
0-0: Ball 1-0: Ball 2-0: Ball 3-0: Called Strike 3-1: Ground out 6-3 (Groundball, 6, EV 77.5 MPH)
|
Bottom of the 9th over - 0 runs, 0 hits, 0 errors, 0 left on base; Grand Junction 21 - Helena 9 |
|